 Dungeon Crawl Stone Soup version 0.30-a0-331-g8ab09dc110 (webtiles) character file.

Game seed: 15969445337355138280

39 p00ps00p the Trooper (level 3, -3/36 HPs)
             Began as a Hill Orc Fighter on Oct 30, 2022.
             Slain by Natasha (8 damage)
             ... on level 2 of the Dungeon.
             The game lasted 00:02:08 (975 turns).

p00ps00p the Trooper (Hill Orc Fighter)              Turns: 975, Time: 00:02:08

Health: -3/36      AC:  6    Str: 18    XL:     3   Next: 45%
Magic:  3/3        EV:  9    Int:  8    God:
Gold:   44         SH:  4    Dex: 12    Spells: 2/2 levels left

rFire   . . .      SeeInvis .    a - +0 war axe
rCold   . . .      Faith    .    c - +0 buckler
rNeg    . . .      Spirit   .    b - +0 scale mail
rPois   .          Reflect  .    (no helmet)
rElec   .          Harm     +    f - scarf {harm}
rCorr   .          Rampage  .    (no gloves)
Will    .....                    (no boots)
Stlth   ..........               (no amulet)
HPRegen 0.26/turn                (no ring)
MPRegen 0.08/turn                (no ring)

@: no status effects
A: no striking features
a: no special abilities


You were on level 2 of the Dungeon.
You visited 1 branch of the dungeon, and saw 2 of its levels.

You collected 44 gold pieces.

Inventory:

Hand Weapons
 a - a +0 war axe (weapon)
Armour
 b - a +0 scale mail (worn)
 c - a +0 buckler (worn)
 f - a scarf of harm (worn)
Wands
 n - a wand of light (13)
Scrolls
 g - a scroll of fear {unknown}
 h - a scroll of enchant armour {unknown}
 i - 2 scrolls of identify {unknown}
 j - a scroll of immolation {unknown}
 l - a scroll of poison {unknown}
 m - a scroll of fog {unknown}
 o - a scroll of teleportation {unknown}
Potions
 d - 2 potions of might
 e - 3 potions of degeneration {unknown}
 k - a potion of lignification {unknown}


   Skills:
 + Level 5.3 Fighting
 - Level 2.6 Axes
 - Level 3.2 Armour
 - Level 3.2 Shields


You had 2 spell levels left.
You didn't know any spells.
Your spell library contained the following spells:

 Spells                   Type           Power      Damage    Failure   Level
 Poisonous Vapours        Pois/Air       0%         N/A       95%         2
 Inner Flame              Hex/Fire       0%         N/A       99%         3
 Olgreb's Toxic Radiance  Pois           0%         N/A       100%        4


Dungeon Overview and Level Annotations

Branches:
Dungeon (2/15)

Altars:

Annotations:
D:2 Natasha


Message History

The ball python grabs you. The ball python constricts you.
Natasha stares at you and mumbles some strange words.
You resist with significant effort. The kobold hits you but does no damage.
An endoplasm comes into view.
You escape the ball python's grasp.
The ball python attacks as you move away!
The ball python closely misses you. The ball python barely misses you.
The kobold barely misses you. The kobold attacks as you move away!
The kobold barely misses you.
You barely miss the ball python. You closely miss the kobold.
The ball python misses you. The ball python closely misses you.
You block the kobold's attack. The ball python closely misses you.
You block the ball python's attack.
You barely miss the ball python. You barely miss the kobold.
The ball python bites you but does no damage.
You block the ball python's attack. The kobold hits you but does no damage.
Natasha claws you!
You slash the ball python!
You kill the ball python!
You slash Natasha! You closely miss the kobold.
The kobold hits you but does no damage. Natasha completely misses you.
The kobold hits you but does no damage.
Natasha mumbles some strange words.
The kobold closely misses you. The endoplasm freezes you.
You are frozen.
You see here a ball python corpse.
Natasha claws you. The endoplasm freezes you.
You are frozen.
You block the kobold's attack.
You hit the endoplasm but do no damage. You completely miss the white imp.
You closely miss the kobold. You closely miss Natasha.
Natasha claws you but does no damage. The endoplasm freezes you.
You are frozen.
The kobold hits you with a +0 dagger. The white imp gestures at you.
The puff of frost hits you!
* * * LOW HITPOINT WARNING * * *
Natasha claws you!
You die...

##### #...##
.....############
...............h####
...............5@).#
#...#..########KJ.....#
##.##..# ##>.......
#.##..### ..#.##.##
#.#.....# ....# #
#.#...#.# ......
#.#...#.# <...###
##.#...#.# ......
#........#


You could see Natasha, a white imp (summoned), an endoplasm and a kobold.

Vanquished Creatures
  6 ball pythons
  5 bats (D:1)
  3 endoplasms
  A giant cockroach (D:2)
  2 hobgoblins (D:1)
  6 kobolds
  A quokka (D:1)
  3 frilled lizards
  5 goblins
  3 rats (D:1)
35 creatures vanquished.

Vanquished Creatures (others)
  2 withered plants (D:1)
2 creatures vanquished.

Grand Total: 37 creatures vanquished

Notes
Turn   | Place    | Note
-------+----------+-------------------------------------------
     0 | D:1      | p00ps00p the Hill Orc Fighter began the quest for the Orb.
     0 | D:1      | Reached XP level 1. HP: 19/19 MP: 1/1
    31 | D:1      | Reached skill level 4 in Fighting
    88 | D:1      | Got the Compilation of Scorched Contamination
    98 | D:1      | Reached XP level 2. HP: 27/27 MP: 2/2
   404 | D:1      | Reached skill level 5 in Fighting
   404 | D:1      | Reached XP level 3. HP: 33/36 MP: 3/3
   488 | D:1      | Found a faded altar of an unknown god.
   965 | D:2      | Noticed Natasha
   975 | D:2      | Slain by Natasha

Illustrated notes

Levels and vault maps discovered:
D:1:      lightli_arrival_statuegarden, layout_basic,
          ebering_ecumenical_altar_petrified, minmay_bisected
D:2:      layout_loops_ring, uniq_terence, uniq_natasha

Skill      XL: |  1  2 |
---------------+-------+-----
Fighting       | 4 5 |  5.3
Axes           | |  2.6
Armour         | |  3.2
Shields        | |  3.2

Action                   || total
-------------------------++-------
Melee: War axe           ||    92
Armor: Scale mail        ||    52
Dodge: Dodged            ||    54
Block: Buckler           ||    25

Table legend: (Time is in decaauts)
 A = Elapsed time spent in this place.
 B = Non-inter-level travel time spent in this place.
 C = Inter-level travel time spent in this place.
 D = Time resting spent in this place.
 E = Time spent auto-exploring this place.
 F = Levels seen in this place.
 G = Mean time per level.
                   A        B        C        D        E       F      G
               +--------+--------+--------+--------+--------+-----+--------+
         Total |   1012 |    980 |     32 |      0 |    658 |   2 |  506.0 |
       Dungeon |   1012 |    980 |     32 |      0 |    658 |   2 |  506.0 |
               +--------+--------+--------+--------+--------+-----+--------+

Top non-repeatable levels by time:
     D:1: 760 daAuts
     D:2: 251 daAuts
